 Dungeon Crawl Stone Soup version 0.30.0-5-g1a98f26d00 (webtiles) character file.

Game seed: 1309569617719330210

965 buriedalive the Frost Mage (level 7, -6/36 HPs)
             Began as a Deep Elf Ice Elementalist on May 11, 2023.
             Was a Follower of Kikubaaqudgha.
             Mangled by an ogre
             ... wielding a +0 giant club
              (26 damage)
             ... on level 5 of the Dungeon.
             The game lasted 00:09:43 (5274 turns).

buriedalive the Frost Mage (DEIE)                   Turns: 5274, Time: 00:09:44

Health: -6/36      AC:  4    Str:  5    XL:     7   Next: 93%
Magic:  13/16      EV: 14    Int: 22    God:    Kikubaaqudgha [*.....]
Gold:   193        SH:  0    Dex: 15    Spells: 5/16 levels left

rFire   . . .        c - +1 whip
rCold   . . .        (no shield)
rNeg    . . .        p - +0 leather armour of a bailey {Rampage rPois Slay+5 Stlth-}
rPois   +            t - +0 helmet
rElec   .            (no cloak)
rCorr   .            (no gloves)
SInv    .            (no boots)
Will    .....        (no amulet)
Stlth   +            (no ring)
HPRegen 0.26/turn    (no ring)
MPRegen 0.15/turn

%: rampage
@: freezing walls
A: no striking features
a: Renounce Religion, Unearth Wretches


You were on level 5 of the Dungeon.
You worshipped Kikubaaqudgha.
Kikubaaqudgha was aware of your devotion.
You visited 1 branch of the dungeon, and saw 5 of its levels.

You collected 275 gold pieces.
You spent 82 gold pieces at shops.

Inventory:

Hand Weapons
 c - a +1 whip (weapon)
Missiles
 k - 42 stones
 m - 10 poisoned darts
Armour
 a - a +0 robe
 p - the +0 leather armour of a bailey (worn) {Rampage rPois Slay+5 Stlth-}
   (You found it on level 2 of the Dungeon)

   Slay:      It affects your accuracy & damage with ranged weapons and melee
   (+5).
   rPois:     It protects you from poison.
   Rampage:   It bestows one free step when moving towards enemies.
   Stlth:     It makes you less stealthy.
 t - a +0 helmet (worn)
Magical Staves
 h - a staff of fire
Jewellery
 v - a ring of positive energy
Wands
 u - a wand of paralysis (9)
Scrolls
 d - a scroll of vulnerability
 f - a scroll of immolation
 l - 2 scrolls of silence
 n - 2 scrolls of blinking
 o - a scroll of fear {unknown}
 q - 5 scrolls of teleportation
Potions
 b - a potion of magic
 e - 3 potions of heal wounds
 g - 2 potions of degeneration
 i - 2 potions of lignification
 j - 3 potions of invisibility
 r - 3 potions of attraction
 s - 3 potions of might


   Skills:
 + Level 7.6 Dodging
 - Level 2.4 Stealth
 - Level 5.0 Spellcasting
 + Level 8.0 Ice Magic


You had 5 spell levels left.
You knew the following spells:

 Your Spells              Type           Power      Damage    Failure   Level
a - Freeze                Ice            100%       1d10      1%          1
b - Ozocubu's Armour      Ice            40%        N/A       1%          3
c - Frozen Ramparts       Ice            80%        1d13      1%          3
d - Summon Ice Beast      Ice/Summ       23%        N/A       32%         4

Your spell library contained the following spells:

 Spells                   Type           Power      Damage    Failure   Level
 Apportation              Tloc           10%        N/A       17%         1
 Kiss of Death            Conj/Necr      20%        2d7       17%         1
 Necrotise                Necr           20%        1d5       17%         1
 Summon Small Mammal      Summ           20%        N/A       17%         1
 Vampiric Draining        Necr           5%         2d6       45%         3
 Animate Dead             Necr           5%         N/A       86%         4


Dungeon Overview and Level Annotations

Branches:
Dungeon (5/15)
 Temple: D:4-7

Altars:
Fedhas
Gozag
Kikubaaqudgha
Ru
Sif Muna

Shops:
D:3 ?

Annotations:
D:5 3 runed translucent doors, Jackthecabe's ghost, novice OgDe


Message History

You hit the iguana.
You kill the iguana!
Kikubaaqudgha accepts your kill.
You see here an iguana corpse.
You see here an iguana corpse.
There is a stone staircase leading down here.
You see here a +0 short sword.
You see here a +0 war axe.
Things that are here:
a +0 hand axe; a +0 mace
Things that are here:
a +0 hand axe; a +0 mace You see here a +0 war axe.
You see here a +0 short sword.
There is a stone staircase leading down here.
There is an open door here.
You open the door.
There is an open door here.
e - 3 potions of heal wounds (gained 1)
q - 5 scrolls of teleportation (gained 3)
You open the door.
There is an open door here.
Found a stone staircase leading down.
You now have 193 gold pieces (gained 16).
Found a long sword.
An ogre comes into view. It is wielding a +0 giant club.
The ogre shouts!
Casting: Freeze (safe; 1% risk of failure)
Confirm with . or Enter, or press ? or * to list all spells.
Casting: Frozen Ramparts (safe; 1% risk of failure)
Press: ? - help, Dir - look around, f - activate The walls around you are covered in ice.
The wall freezes the ogre but does no damage.
The ogre hits you with a +0 giant club!
Unknown command.
You barely miss the ogre.
The wall freezes the ogre!
The ogre hits you with a +0 giant club!!
Ouch! That really hurt!
You die...
Kikubaaqudgha rasps: "You have failed me!
Welcome... death!"

#.#.##+###....
#.#.##........
#.#....###....
#.............
###############.......
#.......####..........
#............#######..
#)......###### #######
#....@### .......
#.?..O#.(..(#..#######
#.....# (...#..# #
#.....#. .(.+..#### #
#.#+###(. ..+.....# #.
#..(..+.....# #
#(..W♣#.....#
#....W#.....#
########.....###


You could see an ogre.

Vanquished Creatures
  Sigmund (D:3)
  Eustachio (D:5)
  A water moccasin (D:5)
  A phantom (D:4)
  2 scorpions
  A jelly (D:4)
  2 orc priests (D:5)
  5 iguanas
  An orc wizard (D:5)
  Robin (D:4)
  3 adders
  An ufetubus (D:4)
  2 worms
  3 dart slugs
  5 orcs
  11 endoplasms
  5 giant cockroaches
  11 goblins
  5 hobgoblins
  A jackal (D:5)
  A quokka (D:3)
  6 ball pythons
  5 bats
  2 frilled lizards
  8 kobolds (D:4)
  6 rats
91 creatures vanquished.

Notes
Turn   | Place    | Note
-------+----------+-------------------------------------------
     0 | D:1      | buriedalive the Deep Elf Ice Elementalist began the quest
                  | for the Orb.
     0 | D:1      | Reached XP level 1. HP: 10/10 MP: 6/6
   373 | D:1      | Reached XP level 2. HP: 14/15 MP: 5/8
  1005 | D:2      | Identified the +0 leather armour of a bailey {Rampage rPois
                  | Slay+5 Stlth-}
  1091 | D:2      | Found a faded altar of an unknown god.
  1586 | D:2      | Reached XP level 3. HP: 19/19 MP: 10/10
  1592 | D:2      | Learned a level 3 spell: Ozocubu's Armour
  1596 | D:2      | Learned a level 3 spell: Frozen Ramparts
  1928 | D:3      | Found Kukijuje's Magic Scroll Boutique.
  1931 | D:3      | Bought a scroll of blinking for 82 gold pieces
  2003 | D:3      | Noticed Sigmund
  2026 | D:3      | Killed Sigmund
  2027 | D:3      | Reached skill level 5 in Spellcasting
  2027 | D:3      | Reached skill level 5 in Ice Magic
  2027 | D:3      | Reached XP level 4. HP: 13/24 MP: 2/13
  2027 | D:3      | Reached XP level 5. HP: 16/28 MP: 2/14
  2283 | D:3      | Found an ancient bone altar of Kikubaaqudgha.
  2286 | D:3      | Found a blossoming altar of Fedhas.
  2292 | D:3      | Became a worshipper of Kikubaaqudgha
  2765 | D:4      | Noticed Robin
  2769 | D:4      | Reached skill level 6 in Ice Magic
  2834 | D:4      | Reached skill level 5 in Dodging
  2834 | D:4      | Reached XP level 6. HP: 32/32 MP: 15/15
  2863 | D:4      | Killed Robin
  3143 | D:4      | Learned a level 4 spell: Summon Ice Beast
  3776 | D:4      | Reached * piety under Kikubaaqudgha
  3776 | D:4      | Received a gift from Kikubaaqudgha
  4027 | D:5      | Entered Level 5 of the Dungeon
  4027 | D:5      | Found a shimmering blue altar of Sif Muna.
  4027 | D:5      | Found a sacrificial altar of Ru.
  4042 | D:5      | Found an opulent altar of Gozag.
  4196 | D:5      | Found a runed translucent gate.
  4196 | D:5      | Found a runed translucent gate.
  4196 | D:5      | Found a runed translucent gate.
  4197 | D:5      | Noticed Jackthecabe's ghost (novice OgDe)
  4241 | D:5      | Noticed Eustachio
  4253 | D:5      | Killed Eustachio
  4254 | D:5      | Reached skill level 7 in Ice Magic
  4254 | D:5      | Reached XP level 7. HP: 28/36 MP: 2/16
  5004 | D:5      | Reached skill level 8 in Ice Magic
  5274 | D:5      | Mangled by an ogre

Illustrated notes

Levels and vault maps discovered:
D:1:      saegor_arrival_simple_e, layout_basic, st_stairs_1
D:2:      layout_loops_ring, basic_ecumenical_altar, minmay_liquid_box
D:3:      layout_basic, grunt_temple_overflow_growth_and_decay, serial_shops,
          nicolae_shop_real_fake_doors, grunt_ministairs_8, uniq_sigmund
D:4:      cheibrodos_fertilizer, layout_basic, chequers_serial_rivers_small_3,
          item_on_display_b, uniq_robin
D:5:      cheibrodos_two_vegetables, layout_basic, grunt_temple_overflow_open,
          ebering_ghost_rock_garden, kennysheep_diamond, uniq_eustachio

Skill      XL: |  1  2  3  4  5  6  7 |
---------------+----------------------+-----
Dodging        | 3 4 5 6 7 |  7.6
Spellcasting   | 5 |  5.0
Ice Magic      | 5 6 7 8 |  8.0
Stealth        | |  2.4

Action                     |  1- 3 |  4- 6 |  7- 9 || total
---------------------------+-------+-------+-------++-------
  Melee: Whip              |    33 |    67 |    27 ||   127
         Punch             |     1 |     3 |       ||     4
  Throw: Dart              |       |     2 |     1 ||     3
   Cast: Freeze            |    28 |    30 |     4 ||    62
         Frozen Ramparts   |     2 |     7 |     6 ||    15
         Ozocubu's Armour  |     1 |     2 |       ||     3
    Use: Scroll            |     1 |     4 |     4 ||     9
         Potion            |     2 |     1 |       ||     3
   Stab: Sleeping          |     4 |       |       ||     4
 Armour: Robe              |    11 |       |       ||    11
         Leather armour    |     3 |    26 |     2 ||    31
         Skin              |     3 |       |       ||     3
  Dodge: Dodged            |    41 |    68 |    13 ||   122
